 Dungeon Crawl Stone Soup version 0.28.0-53-g5a82cb258f (webtiles) character file.

Game seed: 449873469725860579

196 MiltankisOP the Insei (level 5, -1/43 HPs)
             Began as a Merfolk Transmuter on June 17, 2022.
             Slain by a scorpion (4 damage)
             ... on level 4 of the Dungeon.
             The game lasted 00:06:06 (5236 turns).

MiltankisOP the Insei (Merfolk Transmuter)          Turns: 5236, Time: 00:06:06

Health: -1/43      AC:  4    Str: 16    XL:     5   Next: 75%
Magic:  8/8        EV: 12    Int: 15    God:
Gold:   151        SH:  0    Dex: 14    Spells: 7/8 levels left

rFire   . . .      SeeInvis .     - Unarmed
rCold   . . .      Faith    .   (no shield)
rNeg    . . .      Spirit   .   a - +0 robe
rPois   .          Reflect  .   (no helmet)
rElec   .          Harm     .   (no cloak)
rCorr   .          Rampage  .   (no gloves)
Will    .....                   k - +1 pair of boots
Stlth   +.........              (no amulet)
HPRegen 0.14/turn               q - +6 ring of strength
MPRegen 0.11/turn               (no ring)

@: mighty, lethally poisoned (-1 -> -5)
A: (nimble swimmer 2), mertail
a: no special abilities


You were on level 4 of the Dungeon.
You visited 1 branch of the dungeon, and saw 4 of its levels.

You collected 151 gold pieces.

Inventory:

Armour
 a - a +0 robe (worn)
 k - a +1 pair of boots (worn)
 n - the +0 robe "Ted Rip" {Harm +Inv Int+4}
   (You found it on level 3 of the Dungeon)

   Int:       It affects your intelligence (+4).
   +Inv:      It lets you turn invisible.
   Harm:      It increases damage dealt and taken.
Jewellery
 q - a +6 ring of strength (left hand)
Scrolls
 c - a scroll of enchant weapon {unknown}
 d - 3 scrolls of teleportation {unknown}
 f - 4 scrolls of identify {unknown}
 j - 2 scrolls of torment {unknown}
 l - a scroll of noise {unknown}
 m - a scroll of blinking {unknown}
Potions
 b - a potion of might
 e - 2 potions of curing {unknown}
 g - a potion of brilliance {unknown}
 h - 3 potions of berserk rage {unknown}
 i - 2 potions of flight {unknown}
 o - a potion of resistance {unknown}
 p - a potion of degeneration {unknown}


   Skills:
 + Level 4.7 Fighting
 - Level 2.6 Dodging
 - Level 5.0 Unarmed Combat
 - Level 2.0 Spellcasting
 - Level 2.6 Transmutations


You had 7 spell levels left.
You knew the following spells:

 Your Spells              Type           Power      Damage    Failure   Level
a - Beastly Appendage     Tmut           18%        N/A       8%          1

Your spell library contained the following spells:

 Spells                   Type           Power      Damage    Failure   Level
 Wereblood                Tmut           9%         N/A       11%         2
 Spider Form              Tmut/Pois      5%         N/A       36%         3
 Stone Arrow              Conj/Erth      2%         3d7       54%         3
 Ice Form                 Ice/Tmut       5%         N/A       77%         4
 Animate Armour           Summ/Erth      2%         N/A       91%         4
 Passage of Golubria      Tloc           1%         N/A       91%         4
 Silence                  Hex/Air        0%         N/A       99%         5
 Summon Forest            Summ/Tloc      0%         N/A       99%         5
 Summon Mana Viper        Hex/Summ       1%         N/A       99%         5
 Summon Cactus Giant      Summ           0%         N/A       100%        6
 Lehudib's Crystal Spear  Conj/Erth      0%         10d2      100%        8


Dungeon Overview and Level Annotations

Branches:
Dungeon (4/15)
 Temple: D:4-7

Altars:
Sif Muna

Annotations:
D:2 1 runed translucent door, Crazy Yiuf


Innate Abilities, Weirdness & Mutations

((You are very nimble when in or above water. (Stealth+, EV+, Speed+++)))
Your lower body shifts to a powerful aquatic tail in water.


Message History

The scorpion is moderately wounded.
You feel sick.
The scorpion stings you but does no damage.
Your magical contamination has completely faded away.
You closely miss the scorpion.
The scorpion is moderately wounded.
You feel sick. The scorpion stings you.
You closely miss the scorpion.
The scorpion is moderately wounded.
The scorpion completely misses you.
You completely miss the scorpion.
The scorpion is moderately wounded.
You feel sick. The scorpion stings you!
You are more poisoned.
The scorpion poisons you!
You are too injured to fight recklessly!
You are too injured to fight recklessly!
You are too injured to fight recklessly!
You are too injured to fight recklessly!
You are too injured to fight recklessly!
You are too injured to fight recklessly!
It was a potion of might.
You feel very mighty all of a sudden.
You feel very sick. The scorpion stings you.
* * * LOW HITPOINT WARNING * * *
You punch the scorpion!
The scorpion is almost dead.
* * * LOW HITPOINT WARNING * * *
You feel sick. The scorpion closely misses you.
You barely miss the scorpion.
The scorpion is almost dead.
* * * LOW HITPOINT WARNING * * *
You feel sick. The scorpion stings you.
* * * LOW HITPOINT WARNING * * *
You hit the scorpion but do no damage.
The scorpion is almost dead.
* * * LOW HITPOINT WARNING * * *
You feel sick. The scorpion stings you.
You die...

# ###...####..
##..#... ##.#.#
######...#
......?...######.#
.................#
.........[........
#.######...###.###
. ###$@s..#
####..# ##


You could see a scorpion.

Vanquished Creatures
  2 jellies
  5 adders
  An ufetubus (D:3)
  A worm (D:3)
  3 dart slugs
  7 orcs
  5 endoplasms
  4 giant cockroaches
  5 goblins
  6 hobgoblins
  4 quokkas
  5 ball pythons
  4 bats
  12 frilled lizards
  6 kobolds
  5 rats
75 creatures vanquished.

Notes
Turn   | Place    | Note
-------+----------+-------------------------------------------
     0 | D:1      | MiltankisOP the Merfolk Transmuter began the quest for the
                  | Orb.
     0 | D:1      | Reached XP level 1. HP: 15/15 MP: 3/3
   407 | D:1      | Reached XP level 2. HP: 17/21 MP: 3/5
   547 | D:1      | Reached skill level 4 in Unarmed Combat
  1340 | D:1      | Found a faded altar of an unknown god.
  1488 | D:1      | Reached XP level 3. HP: 26/26 MP: 4/6
  1754 | D:2      | Found a shimmering blue altar of Sif Muna.
  1979 | D:2      | HP: 1/26 [rat (2)]
  2421 | D:2      | Reached skill level 5 in Unarmed Combat
  2594 | D:2      | Found a runed translucent door.
  2595 | D:2      | Noticed Crazy Yiuf
  3044 | D:3      | Reached XP level 4. HP: 16/34 MP: 5/7
  3489 | D:3      | HP: 1/35 [poisoned by an adder]
  4050 | D:3      | Reached XP level 5. HP: 40/41 MP: 6/8
  4388 | D:3      | Identified the +0 robe "Ted Rip" {Harm +Inv Int+4}
  5236 | D:4      | Slain by a scorpion

Illustrated notes

Levels and vault maps discovered:
D:1:      nicolae_arrival_somewhat_less_tricky_arrival, layout_basic,
          shapermc_ecumenical_altar_notcrosses, minmay_lizard_pond
D:2:      layout_loops_ring, basic_altar, serial_bayou_pond_b,
          bh_walls_and_bars, uniq_crazy_yiuf_cottage
D:3:      layout_loops_ring, st_stairs_7
D:4:      layout_rooms, hangedman_decor_diamond_cutter

Skill      XL: |  1  2  3  4  5 |
---------------+----------------+-----
Unarmed Combat | 4 5 |  5.0
Fighting       | 2 3 4 |  4.7
Dodging        | |  2.6
Spellcasting   | |  2.0
Transmutations | |  2.6

Action                   |  1- 3 |  4- 6 || total
-------------------------+-------+-------++-------
Melee: Unarmed           |   123 |   112 ||   235
       Headbutt          |    16 |    13 ||    29
       Punch             |     3 |     6 ||     9
 Cast: Beastly Appendage |    23 |    22 ||    45
  Use: Potion            |       |     1 ||     1
 Stab: Sleeping          |     1 |     2 ||     3
Armor: Robe              |    12 |    17 ||    29
Dodge: Dodged            |    73 |    68 ||   141
